 Dungeon Crawl Stone Soup version 0.30-a0-622-gddc90eaa04 (webtiles) character file.

Game seed: 10805316963601318999

130 bmack86 the Trooper (level 4, 0/41 HPs)
             Began as a Minotaur Fighter on Jan 11, 2023.
             Succumbed to Duvessa's poison
             ... on level 4 of the Dungeon.
             The game lasted 00:04:05 (1720 turns).

bmack86 the Trooper (Minotaur Fighter)              Turns: 1720, Time: 00:04:06

Health: 0/41       AC: 11    Str: 23    XL:     4   Next: 89%
Magic:  1/1        EV:  7    Int:  7    God:
Gold:   163        SH: 10    Dex: 18    Spells: 3/3 levels left

rFire   + . .      SeeInvis .    o - +10 hand axe of Qasayll {antimagic, rF+ Int+2 Dex+3}
rCold   . . .      Faith    .    c - +0 buckler
rNeg    . . .      Spirit   .    n - +0 chain mail
rPois   .          Reflect  +    (helmet restricted)
rElec   .          Harm     .    g - +0 cloak
rCorr   +          Rampage  .    (no gloves)
Will    .....                    b - +0 pair of boots Stlth
                                 h - amulet of reflection
HPRegen 0.26/turn                e - +6 ring of dexterity
MPRegen 0.07/turn                m - ring of resist corrosion

@: lethally poisoned (0 -> -15)
A: horns 2, retaliatory headbutt
a: no special abilities


You were on level 4 of the Dungeon.
You visited 1 branch of the dungeon, and saw 4 of its levels.

You collected 163 gold pieces.

Inventory:

Hand Weapons
 a - a +0 spectral war axe
 o - the +10 hand axe of Qasayll (weapon) {antimagic, rF+ Int+2 Dex+3}
   (You found it on level 2 of the Dungeon)

   Int:       It affects your intelligence (+2).
   Dex:       It affects your dexterity (+3).
   rF:        It protects you from fire.
Missiles
 q - 2 poisoned darts (quivered)
Armour
 b - a +0 pair of boots (worn)
 c - a +0 buckler (worn)
 g - a +0 cloak (worn)
 n - a +0 chain mail (worn)
Jewellery
 e - a +6 ring of dexterity (left hand)
 h - an amulet of reflection (around neck)
 m - a ring of resist corrosion (right hand)
Wands
 k - a wand of mindburst (4)
Scrolls
 l - a scroll of poison {unknown}
 s - a scroll of magic mapping {unknown}
 t - a scroll of vulnerability {unknown}
 u - a scroll of fog {unknown}
 v - a scroll of silence {unknown}
Potions
 d - a potion of might
 f - a potion of ambrosia
 i - 3 potions of curing {unknown}
 j - a potion of haste
 p - a potion of flight
 r - a potion of attraction


   Skills:
 * Level 4.7 Fighting
 * Level 4.1 Axes
 + Level 0.4 Throwing
 + Level 4.3 Armour
 + Level 4.3 Shields


You had 3 spell levels left.
You didn't know any spells.
Your spell library contained the following spells:

 Spells                   Type           Power      Damage    Failure   Level
 Cigotuvi's Dreadful Rot  Necr/Pois/Air  0%         N/A       100%        2
 Poisonous Vapours        Pois/Air       0%         N/A       100%        2
 Mephitic Cloud           Conj/Pois/Air  0%         N/A       100%        3
 Leda's Liquefaction      Hex/Erth       0%         N/A       100%        4
 Alistair's Intoxication  Tmut/Pois      0%         N/A       100%        5
 Borgnjor's Vile Clutch   Necr/Erth      0%         N/A       100%        5
 Lee's Rapid Deconstruct  Erth           0%         3d4*      100%        5
 Eringya's Noxious Bog    Tmut/Pois      0%         N/A       100%        6
 Statue Form              Tmut/Erth      0%         N/A       100%        6


Dungeon Overview and Level Annotations

Branches:
Dungeon (4/15)
 Temple: D:4-7

Altars:

Annotations:
D:4 Dowan, Duvessa


Innate Abilities, Weirdness & Mutations

You have a pair of horns on your head.
You reflexively headbutt those who attack you in melee.


Message History

You block Duvessa's attack.
You hit Duvessa. You headbutt Duvessa, but do no damage.
Duvessa is lightly wounded.
You feel sick. You block Duvessa's attack.
You hit Duvessa.
Duvessa is moderately wounded.
You feel sick. You block Duvessa's attack.
You completely miss Duvessa. You headbutt Duvessa!
Duvessa is heavily wounded.
You feel sick. Duvessa hits you but does no damage. x2
You are more poisoned.
You hit Duvessa.
Duvessa is heavily wounded.
You feel sick.
Duvessa hits you with a +2 short sword of venom!
You barely miss Duvessa. You headbutt Duvessa, but do no damage.
Duvessa is heavily wounded.
You feel sick. You block Duvessa's attack.
You hit Duvessa.
Duvessa is severely wounded.
You feel sick. Duvessa hits you but does no damage.
You are more poisoned.
You hit Duvessa but do no damage.
Duvessa is severely wounded.
You feel very sick. You block Duvessa's attack.
You hit Duvessa. You headbutt Duvessa.
Duvessa is severely wounded.
You feel sick.
Duvessa hits you with a +2 short sword of venom.
* * * LOW HITPOINT WARNING * * *
You are lethally poisoned!
You hit Duvessa but do no damage. Your headbutt misses Duvessa.
Duvessa is severely wounded.
* * * LOW HITPOINT WARNING * * *
You feel very sick. You block Duvessa's attack.
You hit Duvessa but do no damage. You headbutt Duvessa.
Duvessa is almost dead.
You die...

## # ...#
.#.# #####
e..
#...####e#
#......@#
#...####.#
##..# #.#
#..# #.# .##
#..# #.# ..#
#..# #.# #.#
..####..###
#.###.#
...........#
#..##.#
#........#.#
##.##.#


You could see Duvessa and Dowan.

Vanquished Creatures
  Terence (D:2)
  3 gnolls (D:3)
  3 adders
  2 dart slugs
  2 orcs (D:3)
  3 endoplasms
  3 giant cockroaches
  5 goblins
  4 hobgoblins
  3 quokkas
  2 ball pythons
  2 bats (D:3)
  4 frilled lizards
  3 kobolds
  5 rats
45 creatures vanquished.

Notes
Turn   | Place    | Note
-------+----------+-------------------------------------------
     0 | D:1      | bmack86 the Minotaur Fighter began the quest for the Orb.
     0 | D:1      | Reached XP level 1. HP: 19/19 MP: 0/0
   238 | D:1      | Found a faded altar of an unknown god.
   271 | D:1      | Reached XP level 2. HP: 27/27 MP: 1/1
   835 | D:2      | Reached XP level 3. HP: 33/33 MP: 2/2
   955 | D:2      | Identified the +10 hand axe of Qasayll {antimagic, rF+
                  | Int+2 Dex+3}
  1050 | D:2      | Noticed Terence
  1058 | D:2      | Killed Terence
  1059 | D:2      | Reached XP level 4. HP: 38/41 MP: 1/3
  1708 | D:4      | Noticed Duvessa
  1708 | D:4      | Noticed Dowan
  1720 | D:4      | Succumbed to Duvessa's poison

Illustrated notes

Levels and vault maps discovered:
D:1:      enne_arrival_octagon_isle, layout_loops_ring,
          dreamdust_ecumenical_altar_grove
D:2:      layout_rooms, kennysheep_generic_room_15, uniq_terence
D:3:      layout_rooms
D:4:      layout_loops_ring, mainiacjoe_overflow_alcove_4,
          minmay_temple_entry_nine_rooms, nicolae_shop_unique_rings,
          nicolae_half_adder, uniq_duvessa

Skill      XL: |  1  2  3  4 |
---------------+-------------+-----
Fighting       | 4 |  4.7
Axes           | 3 4 |  4.1
Shields        | 4 |  4.3
Armour         | 4 |  4.3
Throwing       | |  0.4

Action                   |  1- 3 |  4- 6 || total
-------------------------+-------+-------++-------
Melee: War axe           |    32 |       ||    32
       Hand axe          |     6 |    38 ||    44
       Headbutt          |       |     8 ||     8
  Use: Scroll            |     2 |     4 ||     6
Armor: Scale mail        |    11 |       ||    11
       Chain mail        |     4 |     9 ||    13
Dodge: Dodged            |    11 |     7 ||    18
Block: Buckler           |    19 |    21 ||    40
       Reflection        |     2 |       ||     2

Table legend: (Time is in decaauts)
 A = Elapsed time spent in this place.
 B = Non-inter-level travel time spent in this place.
 C = Inter-level travel time spent in this place.
 D = Time resting spent in this place.
 E = Time spent auto-exploring this place.
 F = Levels seen in this place.
 G = Mean time per level.
                   A        B        C        D        E       F      G
               +--------+--------+--------+--------+--------+-----+--------+
         Total |   1737 |   1696 |     41 |      0 |   1234 |   4 |  434.2 |
       Dungeon |   1737 |   1696 |     41 |      0 |   1234 |   4 |  434.2 |
               +--------+--------+--------+--------+--------+-----+--------+

Top non-repeatable levels by time:
     D:1: 702 daAuts
     D:3: 513 daAuts
     D:2: 464 daAuts
     D:4: 56 daAuts
